 Dungeon Crawl Stone Soup version 0.17.1-2-g5865329 (webtiles) character file.

513 kaze the Ruffian (level 7, 0/66 HPs)
             Began as a Troll Berserker on Jan 20, 2016.
             Was a Believer of Trog.
             Slain by Pikel
             ... wielding a +2 whip of flaming
              (2 damage)
             ... on level 4 of the Dungeon.
             The game lasted 00:08:56 (1401 turns).

kaze the Ruffian (Troll Berserker)                  Turns: 1401, Time: 00:08:56

Health: 0/66       AC:  5    Str: 28    XL:     7   Next: 0%
Magic:  6/6        EV: 11    Int:  3    God:    Trog [**....]
Gold:   99         SH:  0    Dex:  9    Spells: 0 memorised, 6 levels left

rFire  . . .     SeeInvis .       - Unarmed
rCold  . . .     Clarity  .     a - +0 animal skin
rNeg   . . .     SustAt   .     (no shield)
rPois  .         Gourm    +     (helmet restricted)
rElec  .         Spirit   .     (no cloak)
rCorr  .         Warding  .     (gloves unavailable)
rMut   .         Stasis   .     (boots unavailable)
MR     ++...                    (no amulet)
Stlth  +.........               (no ring)
                                (no ring)

@: regenerating, very resistant to hostile enchantments, very unstealthy
A: unfitting armour, claws 3, fast metabolism 3, gourmand, regeneration 2,
shaggy fur 1, tough skin 2
a: Berserk, Trog's Hand, Burn Spellbooks, Renounce Religion


You were on level 4 of the Dungeon.
You worshipped Trog.
Trog was pleased with you.
You were not hungry.

You visited 1 branch of the dungeon, and saw 4 of its levels.

You collected 99 gold pieces.

Inventory:

Armour
 a - a +0 animal skin (worn)
Jewellery
 f - a +2 ring of strength {unknown}
Scrolls
 e - a scroll of identify {unknown}
 h - a scroll of amnesia {unknown}
 j - a scroll of teleportation {unknown}
Potions
 d - 2 potions of might {unknown}
 g - a potion of haste {unknown}
Comestibles
 b - a bread ration
 c - 7 chunks of flesh
 i - 5 fruits


   Skills:
 + Level 2.9 Fighting
 * Level 5.1 Dodging
 * Level 5.4 Unarmed Combat


You had 6 spell levels left.
You didn't know any spells.

Dungeon Overview and Level Annotations

Branches:
Dungeon (4/15)
 Temple: D:4-7

Altars:
Fedhas
Kikubaaqudgha
Vehumet

Annotations:
D:4 Blork the orc, Pikel, Sigmund


Innate Abilities, Weirdness & Mutations

You are too large for most types of armour.
You have claws for hands.
Your metabolism is lightning-fast.
You like to eat raw meat.
You heal very quickly.
You are covered in fur (AC +1).
You have very tough skin (AC +2).


Message History

The slave barely misses you. Pikel hits you with a whip of flaming.
* * * LOW HITPOINT WARNING * * *
Pikel burns you.
* * * LOW HITPOINT WARNING * * *
You barely miss Pikel.
Pikel is moderately wounded.
The slave hits you.
* * * LOW HITPOINT WARNING * * *
Sigmund the Dreaded comes into view.
He is wielding a scythe.
Sigmund shouts!
You scratch Pikel.
Pikel is heavily wounded.
Pikel hits you but does no damage. The slave hits you.
* * * LOW HITPOINT WARNING * * *
You mangle Pikel!!
Pikel is almost dead.
Pikel hits you with a whip of flaming.
* * * LOW HITPOINT WARNING * * *
Pikel burns you.
You die...

. #.#### #..... # #
.. # @# ##ol##.
###ppS# #. #@Kp# #.
## ###p### #.## ##.
##.....## ..# ##..
#.......# #.####...
##.[....#####........
######............(.
#######........
#........ #........


You could see Pikel, Blork the orc, Sigmund, 4 slaves, an adder and a giant
newt.

Vanquished Creatures
  Grinder (D:4)
  A scorpion (D:4)
  2 hounds (D:4)
  A giant frog skeleton (D:4)
  2 orc wizards (D:4)
  A worker ant (D:4)
  Robin (D:3)
  4 adders (D:3)
  An ooze (D:3)
  2 worms
  2 giant geckos
  3 orcs
  2 giant cockroaches
  15 goblins
  5 hobgoblins
  A ball python (D:1)
  6 bats
  A giant newt (D:2)
  6 jackals (D:2)
  2 kobolds (D:3)
  2 rats
  2 fungi (D:2)
63 creatures vanquished.

Notes
Turn   | Place    | Note
--------------------------------------------------------------
     0 | D:1      | kaze the Troll Berserker began the quest for the Orb.
     0 | D:1      | Reached XP level 1. HP: 22/22 MP: 0/0
   301 | D:1      | Reached XP level 2. HP: 29/29 MP: 1/1
   713 | D:2      | Reached ** piety under Trog
   860 | D:3      | Found a radiant altar of Vehumet.
   864 | D:3      | Reached XP level 3. HP: 36/36 MP: 2/2
  1018 | D:3      | Noticed Robin
  1024 | D:3      | Killed Robin
  1024 | D:3      | Reached XP level 4. HP: 44/44 MP: 3/3
  1064 | D:3      | Found a blossoming altar of Fedhas.
  1069 | D:3      | Found an ancient bone altar of Kikubaaqudgha.
  1144 | D:3      | Reached skill level 4 in Unarmed Combat
  1190 | D:4      | Reached XP level 5. HP: 50/50 MP: 4/4
  1263 | D:4      | Noticed Grinder
  1289 | D:4      | Killed Grinder
  1289 | D:4      | Reached skill level 5 in Dodging
  1289 | D:4      | Reached skill level 5 in Unarmed Combat
  1289 | D:4      | Reached XP level 6. HP: 15/59 MP: 5/5
  1343 | D:4      | Reached XP level 7. HP: 16/66 MP: 6/6
  1385 | D:4      | Noticed Pikel
  1385 | D:4      | Noticed a slave
  1385 | D:4      | Noticed a slave
  1385 | D:4      | Noticed a slave
  1390 | D:4      | Noticed a slave
  1395 | D:4      | Noticed Blork the orc
  1400 | D:4      | Noticed Sigmund
  1401 | D:4      | HP: 2/66 [Pikel/whip of flaming (5)]
  1401 | D:4      | Slain by Pikel

Action                   |  1- 3 |  4- 6 |  7- 9 || total
-------------------------+-------+-------+-------++-------
Melee: Unarmed           |   124 |    80 |    14 ||   218
Invok: Trog's Hand       |     1 |     1 |     1 ||     3
       Berserk           |     1 |       |       ||     1
  Eat: Chunk             |     9 |     1 |       ||    10
       Bread ration      |     1 |       |       ||     1
